AoeStats
← 17_Neo_

Arena

507041546Analyzed
1v1 RM · 17d ago on Sep 16, 2026· 51m 27s· 2 players
Game mode
Random Map
Map size
Tiny (2 player)
Population
200
Speed
Normal
Resources
Standard
Victory
Conquest
Starting age
Dark Age
Ending age
Imperial Age
RankedLock teamsTeams togetherTeam positionsShared explorationLock speedFull tech treeHidden civsTurbo modeCheats
Victory
Defeat
🇵🇱 Poles · Poland
1693
+16
🇨🇴 Byzantines · Colombia
1688
-16
17_Neo_
10:52 Feudal Age
12:28 Wheelbarrow
12:17 Double-Bit Axe
12:24 Horse Collar
15:04 Castle Age
16:04 Bow Saw
22:56 Heavy Plow
27:44 Imperial Age
26:08 Hand Cart
25:45 Gold Mining
26:37 Fletching
26:47 Padded Archer Armor
26:57 Squires
26:17 Pikeman
27:19 Loom
28:05 Leather Archer Armor
28:01 Forging
27:57 Scale Barding Armor
29:30 Chemistry
28:51 Scale Mail Armor
29:28 Ballistics
28:54 Arrowslits
29:43 Scale Mail Armor
30:19 Iron Casting
29:09 Halberdier
31:10 Chain Mail Armor
31:36 Ring Archer Armor
31:09 Elite Skirmisher
31:40 Fletching
33:07 Plate Mail Armor
32:58 Thumb Ring
34:13 Bodkin Arrow
35:15 Bracer
37:42 Conscription
39:42 Plate Mail Armor
39:54 Capped Ram
41:46 Crop Rotation
42:16 Two-Man Saw
40:55 Siege Ram
Caesar Gaming
10:46 Feudal Age
14:27 Castle Age
12:38 Horse Collar
13:33 Double-Bit Axe
16:13 Bow Saw
17:15 Loom
21:10 Wheelbarrow
22:21 Hand Cart
22:08 Heavy Plow
22:20 Town Watch
27:19 Imperial Age
25:18 Forging
25:07 Treadmill Crane
25:12 Light Cavalry
26:03 Bloodlines
26:39 Iron Casting
26:25 Husbandry
27:14 Szlachta Privileges
27:24 Scale Barding Armor
29:05 Chemistry
30:21 Blast Furnace
30:11 Masonry
30:29 Cavalier
31:31 Thumb Ring
31:27 Fletching
31:07 Crossbowman
32:13 Bodkin Arrow
32:22 Arbalester
34:08 Ballistics
34:20 Padded Archer Armor
34:22 Bracer
34:53 Padded Archer Armor
34:47 Gold Mining
34:48 Stone Mining
35:30 Elite Skirmisher
36:05 Winged Hussar
38:05 Lechitic Legacy
38:07 Conscription
39:13 Chain Barding Armor
44:07 Crop Rotation
44:30 Scale Mail Armor
44:46 Leather Archer Armor
45:41 Hoardings
44:29 Elite Obuch
45:48 Chain Mail Armor
45:53 Leather Archer Armor
Connection lost

Rejoining the realm…

Still unreachable

The connection could not be restored.

Session expired

The server has moved on; the page needs a fresh start.